 Dungeon Crawl Stone Soup version 0.26-b1-32-g5d43845318 (webtiles) character file.

Game seed: 11941138065262838507

80 Borgoz the Cudgeller (level 4, -28/27 HPs)
             Began as a Gargoyle Gladiator on Jan 10, 2021.
             Blown up by a gnoll (32 damage)
             ... with a disintegration bolt
             ... on level 3 of the Dungeon.
             The game lasted 00:02:23 (2399 turns).

Borgoz the Cudgeller (Gargoyle Gladiator)           Turns: 2399, Time: 00:02:23

Health: -28/27     AC: 10    Str: 17    XL:     4   Next: 39%
Magic:  4/4        EV: 13    Int:  9    God:
Gold:   166        SH:  0    Dex: 18    Spells: 3/3 levels left

rFire    . . .     SeeInvis .   a - +0 flail
rCold    . . .     Faith    .   (no shield)
rNeg     + . .     Spirit   .   b - +0 leather armour
rPois    ∞         Reflect  .   p - +2 helmet
rElec    +         Harm     .   o - +0 cloak (curse)
rCorr    .         Rampage  .   (no gloves)
Will     .....                  (no boots)
Stlth    +.........             (no amulet)
HPRegen  0.09/turn              (no ring)
MPRegen  0.09/turn              g - +6 ring of dexterity

@: no status effects
A: negative energy resistance 1, electricity resistance, unbreathing,
petrification resistance, miasma immunity, AC +3
a: no special abilities


You were on level 3 of the Dungeon.
You visited 1 branch of the dungeon, and saw 3 of its levels.

You collected 166 gold pieces.

Inventory:

Hand Weapons
 a - a +0 flail (weapon)
Missiles
 d - 3 throwing nets (quivered)
Armour
 b - a +0 leather armour (worn)
 o - a cursed +0 cloak (worn)
 p - a +2 helmet (worn)
Jewellery
 f - an uncursed ring of fire
 g - a +6 ring of dexterity (right hand)
Scrolls
 e - 5 scrolls of identify
 h - a scroll of enchant weapon {unknown}
 i - 3 scrolls of enchant armour {unknown}
 j - a scroll of fog {unknown}
Potions
 k - 2 potions of heal wounds
 l - a potion of curing {unknown}
 m - a potion of haste {unknown}
 n - 2 potions of brilliance {unknown}


   Skills:
 + Level 2.9 Fighting
 * Level 4.0 Maces & Flails
 - Level 1.7 Throwing
 * Level 3.2 Dodging


You had 3 spell levels left.
You didn't know any spells.
Your spell library was empty.

Dungeon Overview and Level Annotations

Branches:
Dungeon (3/15)

Altars:
Trog
Yredelemnul

Annotations:
D:3 1 transporter, Inarius's ghost, amateur HOFi


Innate Abilities, Weirdness & Mutations

You are resistant to torment.
Your stone body is resilient. (AC +3)
You are immune to poison.
You resist negative energy. (rN+)
You are resistant to electric shocks. (rElec)
You can survive without breathing.
You are immune to petrification.
You are immune to miasma.


Message History

Inarius's ghost is moderately damaged.
Inarius's ghost misses you. The gnoll closely misses you.
Inarius's ghost hits you.
You are too injured to fight recklessly!
You are too injured to fight recklessly!
You feel much better. The gnoll hits you but does no damage.
Inarius's ghost hits you but does no damage.
You hit the gnoll but do no damage. The gnoll hits you but does no damage.
Inarius's ghost hits you but does no damage.
You barely miss the gnoll.
The gnoll zaps a wand.
You are blasted!
Ouch! That really hurt!
* * * LOW HITPOINT WARNING * * *
Inarius's ghost closely misses you. The gnoll hits you but does no damage.
You hit the gnoll.
The gnoll is moderately wounded.
Inarius's ghost hits you.
* * * LOW HITPOINT WARNING * * *
The gnoll zaps a wand.
You are blasted!
Ouch! That really hurt!
You die...

#.≈≈##.###.###.##≈≈.#...##
#.≈≈#.......g...#≈≈....).#
#.≈≈###.##'##.###≈≈......#
#####.≈≈..#.#...#.#..≈≈....<.#
......≈≈.##.#⌠.⌠#.##.≈≈.#^...#
#####.≈≈.#© #...#..#.≈≈.####.#
# #.≈≈.##.##.##.##.≈≈.# #.# #
#.....#.#...#g#..≈≈.# #.# #
#....©#.'.©.@.#©.≈≈.# #.# #
#.....#.#8⌠8#W#..≈≈.# #.# #
#.≈≈.##.#####g##.≈≈.# #.# #
#.≈≈.#..#.:.#g.#.≈≈.# #.#
#####.≈≈.##.#...#.##.≈≈.# #.#
......≈≈..#.#...#.#..≈≈.# #.#
#####.≈≈###.##'##.###≈≈.####.#
......≈≈#g..........#≈≈......#
#####.≈≈##.###.###.##≈≈..#####


You could see Inarius's ghost and 3 gnolls.

Vanquished Creatures
  2 adders
  A worm (D:3)
  3 dart slugs
  2 leopard geckos
  2 orcs
  6 bats
  10 goblins
  4 hobgoblins
  3 jackals (D:1)
  2 kobolds (D:1)
  4 quokkas (D:2)
  4 frilled lizards
  3 rats
46 creatures vanquished.

Vanquished Creatures (others)
  6 plants (D:3)
6 creatures vanquished.

Grand Total: 52 creatures vanquished

Notes
Turn   | Place    | Note
-------+----------+-------------------------------------------
     0 | D:1      | Borgoz the Gargoyle Gladiator began the quest for the Orb.
     0 | D:1      | Reached XP level 1. HP: 12/12 MP: 1/1
   369 | D:1      | Reached XP level 2. HP: 18/18 MP: 2/2
   704 | D:1      | Reached XP level 3. HP: 22/22 MP: 3/3
  1256 | D:2      | Found a faded altar of an unknown god.
  1291 | D:2      | Found a bloodstained altar of Trog.
  1660 | D:3      | Identified the +4 halberd of Cataclysm {elec, Will+ Dex+2}
  1750 | D:3      | Reached XP level 4. HP: 27/27 MP: 4/4
  1893 | D:3      | Found a basalt altar of Yredelemnul.
  1983 | D:3      | Reached skill level 4 in Maces & Flails
  2105 | D:3      | Found a transporter.
  2105 | D:3      | Found a transporter.
  2316 | D:3      | Noticed Inarius's ghost (amateur HOFi)
  2399 | D:3      | Blown up by a gnoll

Illustrated notes

Levels and vault maps discovered:
D:1:      dpeg_arrival_arbitrary_b, layout_rooms
D:2:      layout_basic, chequers_ecumenical_altar_simple_redux,
          trog_butcher_becter
D:3:      layout_loops_ring, lemuel_crystal_altar, gammafunk_ghost_gnarly_gnolls

Skill      XL: |  1  2  3  4 |
---------------+-------------+-----
Dodging        | 3 |  3.2
Maces & Flails | 4 |  4.0
Fighting       | |  2.9
Throwing       | |  1.7

Action                   |  1- 3 |  4- 6 || total
-------------------------+-------+-------++-------
Melee: Flail             |   132 |    32 ||   164
  Use: Scroll            |       |     1 ||     1
       Potion            |       |     1 ||     1
 Stab: Sleeping          |     2 |       ||     2
Armor: Leather armour    |    64 |    15 ||    79
Dodge: Dodged            |   101 |    22 ||   123
